AoeStats
← TONIC

Black Forest

509157887Analyzed
4v4 RM · 6d ago on Sep 25, 2026· 64m 29s· 8 players
Game mode
Random Map
Map size
Large (8 player)
Population
200
Speed
Normal
Resources
Standard
Victory
Conquest
Starting age
Dark Age
Ending age
Imperial Age
RankedLock teamsTeams togetherTeam positionsShared explorationLock speedFull tech treeHidden civsTurbo modeCheats
Victory
Defeat
🇩🇪 Cumans · Germany
1067
+14
🇵🇰 Persians · Pakistan
1013
+16
🇮🇳 Vietnamese · India
1012
+17
🇵🇰 Bohemians · Pakistan
987
+18
🇹🇷 Varangians · Türkiye
1043
-17
🇬🇧 Poles · United Kingdom
1043
-17
🇹🇷 Turks · Türkiye
1020
-16
🇫🇷 Dravidians · France
991
-15
alabataille
1:01 Loom
12:12 Feudal Age
13:13 Double-Bit Axe
17:12 Castle Age
18:04 Bow Saw
17:58 Horse Collar
21:12 Wheelbarrow
22:19 Heavy Plow
22:44 Hand Cart
30:24 Imperial Age
28:44 Caravan
31:20 Ballistics
31:11 Masonry
30:57 Fletching
31:08 Padded Archer Armor
33:16 Chemistry
33:23 Bodkin Arrow
33:44 Leather Archer Armor
33:38 Thumb Ring
32:54 Elite Elephant Archer
35:07 Bracer
Anarşik
0:27 Loom
14:36 Feudal Age
19:14 Castle Age
18:12 Double-Bit Axe
18:33 Stone Mining
18:43 Gold Mining
19:21 Horse Collar
21:23 Wheelbarrow
24:07 Heavy Plow
28:36 Bow Saw
30:02 Hand Cart
30:06 Caravan
35:53 Imperial Age
35:09 Padded Archer Armor
36:48 Scale Barding Armor
36:54 Forging
38:27 Two-Man Saw
37:29 Husbandry
37:40 Bloodlines
37:56 Chain Barding Armor
37:14 Heavy Camel Rider
40:23 Iron Casting
42:55 Guilds
43:29 Gold Shaft Mining
44:35 Plate Barding Armor
45:05 Blast Furnace
49:01 Artillery
MartinusV
3:21 Loom
11:29 Feudal Age
16:15 Castle Age
14:42 Double-Bit Axe
15:40 Horse Collar
20:07 Loom
23:09 Wheelbarrow
22:22 Town Watch
24:44 Bow Saw
24:37 Heavy Plow
25:27 Gold Mining
25:33 Stone Mining
27:18 Szlachta Privileges
30:10 Imperial Age
28:51 Hand Cart
29:15 Forging
29:10 Scale Barding Armor
29:07 Caravan
30:42 Fortified Wall
30:48 Masonry
30:41 Husbandry
30:51 Bloodlines
31:06 Chain Barding Armor
31:22 Iron Casting
30:37 Fletching
31:25 Conscription
31:19 Cavalier
33:34 Crop Rotation
34:07 Blast Furnace
32:49 Treadmill Crane
34:54 Redemption
35:44 Coinage
39:26 Chemistry
38:32 Siege Engineers
38:23 Murder Holes
41:09 Bombard Tower
41:10 Ballistics
40:48 Bodkin Arrow
40:16 Light Cavalry
41:20 Lechitic Legacy
41:36 Hoardings
40:36 Sappers
44:21 Bracer
43:44 Winged Hussar
46:22 Onager
52:24 Thumb Ring
51:43 Elite Skirmisher
54:18 Padded Archer Armor
Göt Yıkama Borusu
0:58 Loom
12:29 Feudal Age
13:11 Horse Collar
13:18 Double-Bit Axe
18:26 Castle Age
19:33 Heavy Plow
19:55 Bow Saw
23:55 Treadmill Crane
26:55 Caravan
26:49 Gold Mining
26:55 Stone Mining
28:50 Masonry
29:04 Ballistics
29:25 Wheelbarrow
28:35 Town Watch
31:07 Stone Shaft Mining
34:46 Imperial Age
33:59 Hand Cart
33:45 Town Patrol
33:33 Vendel Legacy
34:51 Forging
34:41 Scale Mail Armor
34:47 Scale Barding Armor
35:58 Conscription
34:59 Gothikon
35:00 Elite Jarl
35:30 Arson
35:46 Squires
36:40 Crop Rotation
37:12 Two-Man Saw
36:41 Elite Varangian Guard
38:19 Iron Casting
38:05 Chain Barding Armor
38:00 Chain Mail Armor
37:18 Vendel Legacy
42:05 Blast Furnace
41:39 Plate Mail Armor
42:03 Plate Barding Armor
43:06 Onager
45:04 Fletching
45:15 Padded Archer Armor
46:22 Chemistry
45:43 Siege Engineers
45:50 Masonry
46:59 Capped Ram
48:20 Siege Ram
NSN FAHAD
16:22 Feudal Age
14:39 Loom
17:31 Horse Collar
18:29 Wheelbarrow
17:51 Double-Bit Axe
21:13 Castle Age
22:34 Hand Cart
26:28 Imperial Age
24:15 Hand Cart
24:20 Bow Saw
24:15 Heavy Plow
26:49 Chemistry
29:13 Two-Man Saw
32:18 Arson
32:33 Squires
31:54 Pikeman
32:39 Scale Mail Armor
32:50 Forging
34:59 Halberdier
43:22 Houfnice
NSN WAJID
0:26 Loom
12:25 Feudal Age
14:22 Wheelbarrow
21:24 Castle Age
22:47 Hand Cart
22:53 Horse Collar
23:03 Double-Bit Axe
23:12 Gold Mining
23:12 Stone Mining
23:56 Heavy Plow
27:25 Bow Saw
28:16 Gold Shaft Mining
28:49 Stone Shaft Mining
34:49 Imperial Age
34:27 Heavy Scorpion
35:15 Elite War Elephant
36:16 Conscription
36:35 Conscription
35:38 Cavalier
36:19 Husbandry
36:30 Bloodlines
36:29 Scale Barding Armor
36:35 Forging
37:08 Savar
41:24 Chemistry
41:30 Chain Barding Armor
41:46 Iron Casting
45:01 Ballistics
47:46 Caravan
48:16 Coinage
47:56 Guilds
49:15 Light Cavalry
49:24 Heavy Camel Rider
50:57 Light Cavalry
52:11 Hussar
nchan55
11:30 Feudal Age
15:10 Castle Age
14:18 Double-Bit Axe
14:18 Horse Collar
15:07 Loom
20:20 Gold Mining
20:40 Fletching
20:52 Padded Archer Armor
23:06 Bodkin Arrow
25:59 Leather Archer Armor
26:27 Ballistics
26:04 Murder Holes
31:00 Imperial Age
31:33 Bow Saw
31:28 Heavy Plow
35:01 Chemistry
33:43 Treadmill Crane
34:51 Bracer
35:22 Ring Archer Armor
36:22 Wheelbarrow
35:33 Town Watch
38:16 Hand Cart
38:02 Town Patrol
39:58 Elite Rattan Archer
41:01 Paper Money
42:29 Two-Man Saw
42:04 Crop Rotation
42:01 Elite Battle Elephant
44:28 Bloodlines
44:19 Husbandry
44:46 Scale Barding Armor
44:52 Forging
45:57 Chain Barding Armor
47:17 Iron Casting
61:42 Chatras
TONIC
4:15 Loom
10:00 Feudal Age
10:55 Double-Bit Axe
13:34 Horse Collar
16:40 Town Watch
17:35 Wheelbarrow
17:04 Gold Mining
20:11 Stone Mining
25:03 Castle Age
24:28 Bloodlines
24:25 Scale Barding Armor
24:31 Forging
26:27 Chain Barding Armor
26:43 Iron Casting
27:17 Light Cavalry
27:53 Fletching
30:56 Imperial Age
29:04 Steppe Husbandry
30:03 Gold Shaft Mining
29:48 Bow Saw
29:41 Heavy Plow
31:18 Onager
31:21 Cavalier
32:42 Plate Barding Armor
33:08 Blast Furnace
33:34 Conscription
37:47 Paladin
43:09 Caravan
48:10 Crop Rotation
49:44 Hussar
54:57 Fervor
Connection lost

Rejoining the realm…

Still unreachable

The connection could not be restored.

Session expired

The server has moved on; the page needs a fresh start.